 Dungeon Crawl Stone Soup version 0.25-a0-251-g572059c (webtiles) character file.

Game seed: 5810275552960390988, levelgen mode: deterministic

569 CUS the Magician (level 7, -5/48 HPs)
             Began as a Mummy Ice Elementalist on Dec 4, 2019.
             Slain by a centaur (10 damage)
             ... on level 5 of the Dungeon.
             The game lasted 00:07:18 (4177 turns).

CUS the Magician (Mummy Ice Elementalist)           Turns: 4177, Time: 00:07:18

Health: -5/48      AC:  3    Str: 11    XL:     7   Next: 11%
Magic:  11/17      EV: 12    Int: 16    God:
Gold:   171        SH:  0    Dex: 13    Spells: 14/19 levels left

rFire    x . .     SeeInvis +   c - +0 whip (elec)
rCold    + + .     Gourm    .   (no shield)
rNeg     + + +     Faith    .   a - +0 robe
rPois    ∞         Spirit   .   j - +0 helmet
rElec    .         Reflect  .   (no cloak)
rCorr    .         Harm     .   (no gloves)
MR       .....                  (no boots)
Stlth    ++........             (no amulet)
HPRegen  0.16/turn              m - ring of see invisible
MPRegen  0.15/turn              u - ring of protection from cold

@: very slightly contaminated
A: no food or potions, fire vulnerability, cold resistance 1, negative energy
resistance 3, torment resistance, unbreathing
a: no special abilities


You were on level 5 of the Dungeon.
You were not hungry.

You visited 1 branch of the dungeon, and saw 6 of its levels.

You collected 171 gold pieces.

Inventory:

Hand Weapons
 c - a +0 whip of electrocution (weapon)
Missiles
 b - 126 stones (quivered)
 p - 36 arrows
 r - 43 bolts
 s - 34 sling bullets
 t - 2 boomerangs
 v - 4 boomerangs of dispersal
Armour
 a - a +0 robe (worn)
 j - a +0 helmet (worn)
Jewellery
 m - a ring of see invisible (left hand)
 o - an uncursed amulet of guardian spirit
 u - a ring of protection from cold (right hand)
Wands
 n - a wand of polymorph (9)
Scrolls
 d - 3 scrolls of enchant weapon {unknown}
 e - 4 scrolls of identify {unknown}
 f - 2 scrolls of remove curse {unknown}
 g - 4 scrolls of amnesia {unknown}
 h - a scroll of immolation {unknown}
 i - 2 scrolls of fear {unknown}
 k - a scroll of noise {unknown}
 l - a scroll of magic mapping {unknown}
 q - a scroll of blinking {unknown}
 w - a scroll of teleportation {unknown}


   Skills:
 + Level 1.0 Fighting
 + Level 1.8 Dodging
 + Level 1.7 Stealth
 * Level 6.9 Spellcasting
 * Level 5.3 Ice Magic


You had 14 spell levels left.
You knew the following spells:

 Your Spells              Type           Power        Failure   Level  Hunger
a - Freeze                Ice            ###.         1%          1    N/A
b - Hailstorm             Conj/Ice       ##......     38%         4    N/A

Your spell library contained the following spells:

 Spells                   Type           Power        Failure   Level  Hunger
 Ozocubu's Armour         Chrm/Ice       ##......     13%         3    N/A
 Summon Ice Beast         Ice/Summ       ##......     38%         4    N/A

Dungeon Overview and Level Annotations

Branches:
Dungeon (6/15)
 Temple: D:4-7

Altars:
Dithmenos
Fedhas
Makhleb
Ru
Yredelemnul


Innate Abilities, Weirdness & Mutations

You do not eat or drink.
Your flesh is vulnerable to fire.
You are immune to poison.
Your flesh is cold resistant. (rC+)
You are immune to negative energy. (rN+++)
You are immune to unholy pain and torment.
You can survive without breathing.


Message History

You freeze the leopard gecko.
You kill the leopard gecko!
The iguana barely misses you.
You hit the iguana but do no damage. Lightning courses through the iguana!
You kill the iguana!
The centaur wields a +0 shortbow.
The centaur shoots an arrow.
The arrow hits you!
* * * LOW HITPOINT WARNING * * *
The centaur shoots an arrow.
The arrow barely misses you.
Found the +3 pair of gauntlets of War {Slay+5}.
You see here an arrow.
The centaur unwields a +0 shortbow.
The centaur hits you.
* * * LOW HITPOINT WARNING * * *
Casting: Freeze (safe; 1% risk of failure)
Confirm with . or Enter, or press ? or * to list all spells.
Aiming: Freeze (safe; 1% risk of failure)
Press: ? - help, Shift-Dir - straight line, f - centaur
Aim: a centaur You miscast Freeze.
Nothing appears to happen.
The centaur hits you!
You die...

..##.......#...
...........#..
...........#..
...........#.####
#..###..##.#(...####
...# #.###.#.......###
.### #.# #...........##
..# ##.# #.#...(......#
#.###..###.#.###@####..
#.....###..#.# #.c.#
#.....# #..#.# #....#
#....####..#.# #....#
..>........#.. #[.....
#....####..#.. ######..
#....# #..# ... #....#
#..# .. #....# #..#


You could see a centaur.

Vanquished Creatures
  A centaur (D:6)
  A howler monkey (D:6)
  A crimson imp (D:2)
  A hound (D:6)
  3 jellies
  Jessica (D:2)
  2 iguanas (D:5)
  A worker ant (D:3)
  A hound skeleton (D:4)
  9 adders
  A howler monkey skeleton (D:4)
  An ooze (D:2)
  An adder zombie (D:5)
  3 worms
  A dart slug (D:3)
  3 leopard geckos
  5 orcs (D:3)
  2 ball pythons
  9 bats
  6 giant cockroaches
  5 hobgoblins
  2 jackals (D:1)
  2 quokkas
  2 frilled lizards
  9 goblins
  8 kobolds
  A quokka skeleton (D:6)
  10 rats
92 creatures vanquished.

Notes
Turn   | Place    | Note
-------+----------+-------------------------------------------
     0 | D:1      | CUS the Mummy Ice Elementalist began the quest for the Orb.
     0 | D:1      | Reached XP level 1. HP: 13/13 MP: 4/4
   254 | D:1      | Reached XP level 2. HP: 12/19 MP: 1/5
   480 | D:1      | Reached skill level 3 in Spellcasting
   766 | D:2      | Reached XP level 3. HP: 24/24 MP: 2/7
  1165 | D:2      | Found a burning altar of Makhleb.
  1169 | D:2      | Reached skill level 4 in Spellcasting
  1169 | D:2      | Reached XP level 4. HP: 20/30 MP: 7/10
  1883 | D:2      | Noticed Jessica
  1889 | D:2      | Killed Jessica
  1889 | D:2      | Reached XP level 5. HP: 35/35 MP: 7/12
  1966 | D:2      | Found a burning altar of Makhleb.
  2366 | D:3      | Reached skill level 5 in Spellcasting
  2487 | D:3      | Found a shadowy altar of Dithmenos.
  3289 | D:4      | You fall into a shaft and drop 2 floors!
  3290 | D:6      | Found a sacrificial altar of Ru.
  3298 | D:6      | Noticed a centaur
  3304 | D:6      | Killed a centaur
  3304 | D:6      | Reached skill level 5 in Ice Magic
  3304 | D:6      | Reached XP level 6. HP: 15/41 MP: 9/14
  3507 | D:6      | Learned a level 4 spell: Hailstorm
  3524 | D:6      | Reached skill level 6 in Spellcasting
  3643 | D:5      | Entered Level 5 of the Dungeon
  3854 | D:6      | Reached skill level 1 in Fighting
  3994 | D:5      | Reached XP level 7. HP: 48/48 MP: 12/16
  4073 | D:5      | Found a blossoming altar of Fedhas.
  4131 | D:5      | Found a basalt altar of Yredelemnul.
  4176 | D:5      | Found the +3 pair of gauntlets of War {Slay+5}
  4177 | D:5      | Slain by a centaur

Levels and vault maps discovered:
D:1:      matt_arrival_diagonals, layout_rooms
D:2:      layout_loops_corners, makhleb_grotto_becter, first_ration,
          kennysheep_flooded_box, minmay_pentomino_s4, uniq_jessica
D:3:      layout_loops_corners, nicolae_dithmenos_through_a_glass_darkly
D:4:      layout_basic, marbit_many_paths, minmay_temple_entry_stoned_glass
D:5:      minmay_recursive_quarters, layout_rooms, kennysheep_mini,
          old_standard_altar, basic_altar, uniq_grinder
D:6:      minmay_chambers_of_sixes, layout_rooms, nicolae_ru_awakened_eye

Skill      XL: |  1  2  3  4  5  6 |
---------------+-------------------+-----
Spellcasting   | 3 4 5 6 |  6.9
Ice Magic      | 4 5 |  5.3
Fighting       | 1 |  1.0
Dodging        | |  1.8
Stealth        | |  1.7

Action                   |  1- 3 |  4- 6 |  7- 9 || total
-------------------------+-------+-------+-------++-------
Melee: Whip              |    34 |    28 |     7 ||    69
 Cast: Freeze            |    51 |   106 |     8 ||   165
Armor: Robe              |    17 |    25 |     2 ||    44
Dodge: Dodged            |    58 |    64 |     9 ||   131

Table legend:
 A = Non-vault XP
 B = Vault XP
 C = Vault XP percentage of total XP
 D = Non-vault monster count
 E = Vault monster count
 F = Vault count percentage of total count
                 A         B        C        D         E       F
            +---------+---------+-------+---------+---------+-------
      Total |     689 |     125 |  15.4 |      86 |       6 |   6.5
            +---------+---------+-------+---------+---------+-------
        D:1 |      35 |       0 |   0.0 |      22 |       0 |   0.0
        D:2 |     101 |      85 |  45.7 |      21 |       4 |  16.0
        D:3 |     101 |       0 |   0.0 |      27 |       0 |   0.0
        D:4 |      48 |       0 |   0.0 |       4 |       0 |   0.0
        D:5 |     141 |      40 |  22.1 |       5 |       2 |  28.6
        D:6 |     263 |       0 |   0.0 |       7 |       0 |   0.0
            +---------+---------+-------+---------+---------+-------
